 Dungeon Crawl Stone Soup version 0.30-a0-364-gf6b3ef1 (webtiles) character file.

Game seed: 13644770504273503090

2063 Dorkslayer the Spear-Bearer (level 9, -1/69 HPs)
             Began as a Merfolk Fighter on Nov 15, 2022.
             Succumbed to a kobold brigand's poison
             ... on level 6 of the Dungeon.
             The game lasted 00:16:50 (5572 turns).

Dorkslayer the Spear-Bearer (Merfolk Fighter)       Turns: 5572, Time: 00:16:51

Health: -1/69      AC: 14    Str: 18    XL:     9   Next: 25%
Magic:  9/9        EV:  5    Int:  9    God:
Gold:   234        SH:  5    Dex: 14    Spells: 8/8 levels left

rFire   + + .      SeeInvis .    a - +1 trident
rCold   + . .      Faith    .    c - +0 buckler
rNeg    . . .      Spirit   .    e - +0 plate armour
rPois   +          Reflect  .    t - +0 helmet
rElec   +          Harm     .    m - +0 cloak
rCorr   +          Rampage  .    (no gloves)
Will    .....                    (no boots)
Stlth   ..........               (no amulet)
HPRegen 0.31/turn                u - ring of protection from fire
MPRegen 0.11/turn                (no ring)

@: lethally poisoned (-1 -> -17), resistant
A: (nimble swimmer 2), mertail
a: no special abilities


You were on level 6 of the Dungeon.
You visited 1 branch of the dungeon, and saw 6 of its levels.

You collected 234 gold pieces.

Inventory:

Hand Weapons
 a - a +1 trident (weapon)
Armour
 c - a +0 buckler (worn)
 e - a +0 plate armour (worn)
 m - a +0 cloak (worn)
 t - a +0 helmet (worn)
Jewellery
 u - a ring of protection from fire (left hand)
Wands
 b - a wand of flame (10)
Scrolls
 l - a scroll of enchant armour {unknown}
 n - 3 scrolls of blinking
 o - 3 scrolls of teleportation
 p - a scroll of noise
 s - a scroll of silence
 w - a scroll of identify
 x - 2 scrolls of amnesia {unknown}
Potions
 f - a potion of resistance
 h - 2 potions of brilliance
 i - a potion of flight
 k - a potion of cancellation {unknown}
 q - 2 potions of magic
 r - a potion of attraction


   Skills:
 + Level 5.9 Fighting
 + Level 9.4 Polearms
 + Level 3.2 Throwing
 + Level 4.7 Armour
 + Level 1.2 Dodging
 + Level 1.2 Stealth
 + Level 4.2 Shields
 * Level 3.9 Evocations


You had 8 spell levels left.
You didn't know any spells.
Your spell library contained the following spells:

 Spells                   Type           Power      Damage    Failure   Level
 Apportation              Tloc           0%         N/A       100%        1
 Sandblast                Erth           0%         2d4       100%        1
 Cigotuvi's Dreadful Rot  Necr/Pois/Air  0%         N/A       100%        2
 Passwall                 Tmut/Erth      0%         N/A       100%        2
 Stone Arrow              Conj/Erth      0%         3d7       100%        3
 Vhi's Electric Charge    Tloc/Air       0%         N/A       100%        3
 Dispel Undead            Necr           0%         3d6       100%        4
 Alistair's Intoxication  Tmut/Pois      0%         N/A       100%        5
 Arcjolt                  Conj/Air       0%         1d10      100%        5
 Death Channel            Necr           0%         N/A       100%        6
 Maxwell's Capacitive Co  Air            0%         ∞         100%        8


Dungeon Overview and Level Annotations

Branches:
Dungeon (6/15)
 Temple: D:4-7

Altars:

Shops:
D:1 *


Innate Abilities, Weirdness & Mutations

((You are very nimble when in or above water. (Stealth+, EV+, Speed+++)))
Your lower body shifts to a powerful aquatic tail in water.


Message History

* * * LOW HITPOINT WARNING * * *
You puncture Edmund!
You kill Edmund!
The kobold brigand is attracted toward you.
The kobold is attracted toward you. x2
You puncture the phantom!
You destroy the phantom!
The kobold is attracted toward you. x2
You miss the kobold brigand.
The kobold brigand is lightly wounded.
The kobold brigand hits you with a +0 dagger.
* * * LOW HITPOINT WARNING * * *
You closely miss the kobold brigand.
The kobold brigand is lightly wounded.
The kobold brigand hits you but does no damage.
You closely miss the kobold brigand.
The kobold brigand is lightly wounded.
You block the kobold brigand's attack.
You completely miss the kobold brigand.
The kobold brigand is lightly wounded.
You miss the kobold brigand.
The kobold brigand is lightly wounded.
The kobold brigand hits you but does no damage.
The kobold brigand throws a poisoned dart.
The poisoned dart hits you!
You are lethally poisoned!
The kobold brigand is attracted toward you.
The kobold is attracted toward you. x2; Something is attracted toward you. x2
You feel less attractive to monsters.
* * * LOW HITPOINT WARNING * * *
You feel sick.
The kobold brigand throws a poisoned dart.
The poisoned dart hits you!
You are more poisoned.
Okay, then.
Blink to where?
Press: ? - help, Dir - move target A wight comes into view.
It is wielding a +3 dagger of freezing.
As you read the scroll of blinking, it crumbles to dust.
You die...

#.................
#.....#...?...>....
#...(..............
#...(.#...##.......
#...).#...# .......
#...).#....#......z
####K###...........
#K###...........
#K##....@.......
#K##.....##...#.
#K##...... .###
##.......... #
#.§........##
#...........#
#...........#
#......).....
...........


You could see a wight (dormant).

Vanquished Creatures
  Edmund (D:6)
  A water moccasin (D:6)
  A black bear (D:5)
  A sky beast (D:5)
  An ice beast (D:5)
  An ogre (D:5)
  A phantom (D:6)
  A bullfrog (D:6)
  A necrophage (D:5)
  8 scorpions (D:6)
  A wight (D:6)
  A jelly (D:5)
  2 hounds
  2 orc priests
  Crazy Yiuf (D:4)
  5 iguanas
  Natasha (thrice) (D:2)
  4 orc wizards
  Terence (D:2)
  3 gnolls (D:4)
  6 adders
  A shadow imp (D:6)
  An ufetubus (D:6)
  A worm (D:4)
  5 dart slugs
  24 orcs
  2 bats
  6 endoplasms
  10 giant cockroaches
  3 goblins
  12 hobgoblins
  14 jackals
  A quokka (D:4)
  9 ball pythons
  2 frilled lizards
  7 kobolds
  2 butterflies (D:6)
146 creatures vanquished.

Notes
Turn   | Place    | Note
-------+----------+-------------------------------------------
     0 | D:1      | Dorkslayer the Merfolk Fighter began the quest for the Orb.
     0 | D:1      | Reached XP level 1. HP: 18/18 MP: 1/1
   127 | D:1      | Reached XP level 2. HP: 22/24 MP: 2/2
   278 | D:1      | Reached skill level 3 in Polearms
   280 | D:1      | Found Liduq's Assorted Antiques.
   437 | D:1      | Reached XP level 3. HP: 28/30 MP: 3/3
   926 | D:2      | Reached XP level 4. HP: 37/37 MP: 4/4
  1054 | D:2      | Noticed Natasha
  1070 | D:2      | Reached skill level 1 in Throwing
  1077 | D:2      | Killed Natasha
  1078 | D:2      | Reached skill level 4 in Polearms
  1078 | D:2      | Reached XP level 5. HP: 9/42 MP: 5/5
  1433 | D:2      | Noticed Natasha
  1444 | D:2      | Killed Natasha
  1519 | D:2      | Noticed Terence
  1526 | D:2      | Killed Terence
  1902 | D:2      | Noticed Natasha
  1918 | D:2      | Killed Natasha
  2486 | D:3      | Reached XP level 6. HP: 45/49 MP: 6/6
  2554 | D:3      | Reached skill level 5 in Polearms
  2608 | D:3      | You fall into a shaft and drop 2 floors!
  2608 | D:5      | Entered Level 5 of the Dungeon
  3537 | D:4      | Reached XP level 7. HP: 55/55 MP: 7/7
  3848 | D:4      | Identified the +9 dagger of the Desolation of Salt {venom,
                  | rN+ Str-5 Int+4 Dex+3}
  4204 | D:4      | Found a runed translucent door.
  4205 | D:4      | Noticed Crazy Yiuf
  4212 | D:4      | Killed Crazy Yiuf
  4442 | D:5      | Reached skill level 6 in Polearms
  4446 | D:5      | Reached skill level 1 in Evocations
  4630 | D:5      | Reached skill level 5 in Fighting
  4666 | D:5      | Reached skill level 7 in Polearms
  4666 | D:5      | Reached XP level 8. HP: 38/62 MP: 8/8
  4917 | D:5      | Reached skill level 1 in Stealth
  5094 | D:6      | Found a runed translucent door.
  5105 | D:6      | Found a runed translucent door.
  5170 | D:6      | Reached skill level 8 in Polearms
  5389 | D:6      | Reached skill level 1 in Dodging
  5389 | D:6      | Reached XP level 9. HP: 42/69 MP: 9/9
  5490 | D:6      | Reached skill level 9 in Polearms
  5528 | D:6      | Noticed Edmund
  5563 | D:6      | Killed Edmund
  5565 | D:6      | HP: 3/69 [kobold brigand/+0 dagger (4)]
  5571 | D:6      | HP: 3/69 [poisoned by a kobold brigand]
  5572 | D:6      | Succumbed to a kobold brigand's poison

Illustrated notes

Levels and vault maps discovered:
D:1:      nicolae_arrival_washed_ashore, layout_basic, serial_shops,
          nicolae_shop_trees
D:2:      layout_loops_corners, uniq_natasha, uniq_terence
D:3:      layout_basic
D:4:      layout_layer_cave, uniq_crazy_yiuf_cottage
D:5:      layout_gridville
D:6:      lemuel_insect_pit, layout_rooms, nicolae_overflow_two_pavilions,
          uniq_edmund

Skill      XL: |  1  2  3  4  5  6  7  8  9 |
---------------+----------------------------+-----
Polearms       | 3 4 5 7 8 9 |  9.4
Throwing       | 1 2 3 |  3.2
Fighting       | 4 5 |  5.9
Armour         | 3 4 |  4.7
Evocations     | 2 3 |  3.9
Shields        | 4 |  4.2
Stealth        | 1 |  1.2
Dodging        | 1 |  1.2

Action                   |  1- 3 |  4- 6 |  7- 9 || total
-------------------------+-------+-------+-------++-------
Melee: Trident           |   139 |   194 |   273 ||   606
Throw: Javelin           |       |    14 |    18 ||    32
Evoke: Wand              |       |       |     1 ||     1
  Use: Potion            |       |     1 |    12 ||    13
       Scroll            |       |     3 |    10 ||    13
Armor: Plate armour      |   122 |   134 |   149 ||   405
Dodge: Dodged            |    31 |    38 |    64 ||   133
Block: Buckler           |    47 |    46 |    60 ||   153

Table legend: (Time is in decaauts)
 A = Elapsed time spent in this place.
 B = Non-inter-level travel time spent in this place.
 C = Inter-level travel time spent in this place.
 D = Time resting spent in this place.
 E = Time spent auto-exploring this place.
 F = Levels seen in this place.
 G = Mean time per level.
                   A        B        C        D        E       F      G
               +--------+--------+--------+--------+--------+-----+--------+
         Total |   5638 |   5638 |      0 |    185 |   2182 |   6 |  939.7 |
       Dungeon |   5638 |   5638 |      0 |    185 |   2182 |   6 |  939.7 |
               +--------+--------+--------+--------+--------+-----+--------+

Top non-repeatable levels by time:
     D:2: 1416 daAuts
     D:4: 1218 daAuts
     D:5: 917 daAuts
     D:3: 868 daAuts
     D:1: 678 daAuts
     D:6: 539 daAuts
